 Dungeon Crawl Stone Soup version 0.15-a0-429-gf5d7e11 (webtiles) character file.

434 PolkaDot the Vexing (level 6, 0/41 HPs)
             Began as a Vampire Enchanter on May 6, 2014.
             Was an Initiate of Ashenzari.
             Slain by a ball python (1 damage)
             ... in a sewer.
             The game lasted 00:16:26 (3659 turns).

PolkaDot the Vexing (Vampire Enchanter)             Turns: 3659, Time: 00:16:26

HP   0/41        AC  4     Str  7      XL: 6   Next:  6%
MP   1/10        EV 13     Int 17      God: Ashenzari [......]
Gold 152         SH  0     Dex 16      Spells:  4 memorised,  1 level left

rFire  . . .     SeeInvis +     a - +1 dagger
rCold  + + .     Clarity  .     b - +2 robe
rNeg   + + +     Conserve .     (no shield)
rPois  +         rCorr    +     (no helmet)
rElec  .         rRot     +     (no cloak)
SustAb . .       Spirit   .     (no gloves)
rMut   .         Warding  .     (no boots)
Saprov . . .     Stasis   .     f - amulet of resist corrosion
MR     .....                    m - ring of regeneration
                                i - ring of wizardry

@: non-regenerating, very slightly contaminated, constricted, not resistant to
hostile enchantments, stealthy
A: bottle blood, fangs 3, see invisible, unbreathing
a: Bat Form, Bottle Blood, Renounce Religion


You were in a sewer.
You worshipped Ashenzari.
Ashenzari was noncommittal.
You were bloodless.

You visited 2 branches of the dungeon, and saw 5 of its levels.
You also visited: Sewer.

You collected 152 gold pieces.

Inventory:

Hand weapons
 a - a +1,+1 dagger (weapon)
Missiles
 d - 12 darts (quivered)
Armour
 b - a +2 robe (worn)
Scrolls
 l - a scroll of identify
Jewellery
 f - an amulet of resist corrosion (around neck)
 i - a ring of wizardry (left hand)
 m - a ring of regeneration (right hand)
Potions
 g - 4 potions of lignification
 t - a potion of restore abilities
Books
 c - a book of Maledictions

   Spells                             Type                      Level
   *Corona                            Hexes                        1
   *Sure Blade                        Hexes/Charms                 2
   *Ensorcelled Hibernation           Hexes/Ice                    2
   *Confuse                           Hexes                        3
   Dazzling Spray                     Conjuration/Hexes            3
   Enslavement                        Hexes                        4


   Skills:
 + Level 3.3 Short Blades
 - Level 0.7 Throwing
 - Level 2.1 Dodging
 + Level 5.4 Stealth
 - Level 2.0 Spellcasting
 * Level 7.8 Hexes


You had one spell level left.
You knew the following spells:

 Your Spells              Type           Power        Failure   Level  Hunger
a - Corona                Hex            ####...      1%          1    #......
b - Sure Blade            Hex/Chrm       ##........   4%          2    ###....
c - Confuse               Hex            ####....     1%          3    ####...
d - Ensorcelled Hibernat  Hex/Ice        ##....       4%          2    ###....


Dungeon Overview and Level Annotations

Branches:
Dungeon (4/15)             Temple (1/1) D:4

Altars:
Ashenzari
Cheibriados
Dithmenos
Elyvilon
Fedhas
Kikubaaqudgha
Makhleb
Nemelex Xobeh
Okawaru
Sif Muna
Trog
Vehumet
Xom
The Shining One

Annotations:
Sewer TZer0alt's ghost, average FoFi


Innate Abilities, Weirdness & Mutations

You do not heal naturally.
You can bottle blood from corpses.
You have razor-sharp teeth.*
You have supernaturally acute eyesight.
You can survive without breathing.*


Message History

Okay, then.
You closely miss the ball python. The ball python barely misses you.
The ball python completely misses you. The ball python bites you.
* * * LOW HITPOINT WARNING * * *
The ball python barely misses you.
You closely miss the ball python. Your bite misses the ball python.
TZer0alt's ghost seems less confused.
The ball python closely misses you. The ball python closely misses you. x2
The ball python grabs you.
* * * LOW HITPOINT WARNING * * *
The ball python constricts you.
You hit the ball python.
The ball python is heavily wounded.
The ball python closely misses you. x2
* * * LOW HITPOINT WARNING * * *
The ball python constricts you.
You hit the ball python but do no damage.
The ball python is heavily wounded.
The ball python barely misses you. x2
You die...

#≈###≈# #≈≈≈≈.#
##.≈≈## #≈≈.# #≈W≈#
. #.≈.## #≈≈
#≈≈.≈## #≈≈≈.
#≈≈≈.S#####≈≈≈≈.#
##≈.S@≈r≈≈≈....#
###≈.≈≈≈≈≈≈≈##
##KK...≈≈##
##≈≈≈≈.≈.##
.##≈≈..≈w..≈##≈..
.≈..≈≈≈.≈.≈..≈.≈..#
≈≈...≈.......≈.≈≈#
≈≈≈..≈..!..≈≈...≈#
≈≈.≈≈≈......≈.≈.≈#


You could see a worm, TZer0alt's ghost, 2 ball pythons, 2 kobolds and a rat.

Vanquished Creatures
  The ghost of casual the Changer, an average NaTm (D:3)
  An orc priest (D:4)
  A worker ant (D:4)
  An iguana (D:3)
  Terence (D:2)
  6 adders
  A gnoll (D:1)
  An inept feature mimic (D:4)
  2 worms (D:2)
  2 giant geckos (D:3)
  4 oozes
  6 orcs
  A ball python (D:3)
  5 giant cockroaches
  5 goblins
  6 hobgoblins
  5 jackals
  9 kobolds
  7 bats
  4 giant newts (D:3)
  7 rats
76 creatures vanquished.

Notes
Turn   | Place    | Note
--------------------------------------------------------------
     0 | D:1      | PolkaDot, the Vampire Enchanter, began the quest for the Orb.
     0 | D:1      | Reached XP level 1. HP: 13/13 MP: 3/3
   433 | D:1      | Reached XP level 2. HP: 19/19 MP: 4/4
   437 | D:1      | Learned a level 2 spell: Ensorcelled Hibernation
   600 | D:1      | Reached skill level 5 in Hexes
   833 | D:1      | Reached XP level 3. HP: 24/24 MP: 6/6
  1268 | D:2      | Learned a level 3 spell: Confuse
  1635 | D:2      | Found a sparkling altar of Nemelex Xobeh.
  1662 | D:2      | Noticed Terence
  1665 | D:2      | Reached skill level 6 in Hexes
  1669 | D:2      | Killed Terence
  1669 | D:2      | Reached XP level 4. HP: 30/30 MP: 2/7
  2146 | D:3      | Reached XP level 5. HP: 35/35 MP: 0/9
  2330 | D:3      | Noticed casual's ghost (average NaTm)
  2342 | D:3      | Learned a level 2 spell: Sure Blade
  2430 | D:3      | Killed casual's ghost
  2430 | D:3      | Reached skill level 5 in Stealth
  2430 | D:3      | Reached skill level 7 in Hexes
  2955 | D:3      | Found a blossoming altar of Fedhas.
  3090 | D:4      | Noticed a phantom
  3142 | D:4      | Found a staircase to the Ecumenical Temple.
  3156 | Temple   | Entered the Ecumenical Temple
  3202 | Temple   | Became a worshipper of Ashenzari the Shackled
  3470 | D:4      | Reached XP level 6. HP: 41/41 MP: 5/10
  3571 | D:4      | Found a glowing drain.
  3579 | Sewer    | Entered a sewer
  3579 | Sewer    | Noticed TZer0alt's ghost (average FoFi)
  3657 | Sewer    | HP: 2/41 [ball python (1)]
  3659 | Sewer    | Slain by a ball python

Action                   |  1- 3 |  4- 6 || total
-------------------------+-------+-------++-------
Melee: Dagger            |   115 |   138 ||   253
 Cast: Corona            |     2 |       ||     2
       Ensorcelled Hiber |    19 |    17 ||    36
       Confuse           |       |     8 ||     8
       Sure Blade        |       |     2 ||     2
 Abil: End Transformatio |       |     1 ||     1
       Bat Form          |       |     1 ||     1
  Use: Scroll            |     3 |    10 ||    13
       Potion            |     1 |     4 ||     5
 Stab: Sleeping          |    17 |    19 ||    36
       Distracted        |       |     1 ||     1
       Confused          |       |     1 ||     1
